 Dungeon Crawl Stone Soup version 0.30.0-5-g1a98f26d00 (webtiles) character file.

Game seed: 16959367038070411891

929 bmack86 the Chopper (level 7, -1/62 HPs)
             Began as a Minotaur Fighter on May 8, 2023.
             Slain by a killer bee (4 damage)
             ... on level 8 of the Dungeon.
             The game lasted 00:09:55 (3434 turns).

bmack86 the Chopper (Minotaur Fighter)              Turns: 3434, Time: 00:09:56

Health: -1/62      AC: 12    Str: 28    XL:     7   Next: 85%
Magic:  6/6        EV:  7    Int:  5    God:
Gold:   10         SH: 10    Dex: 10    Spells: 6/6 levels left

rFire   . . .        a - +1 war axe
rCold   . . .        c - +0 buckler
rNeg    . . .        q - +0 plate armour
rPois   .            (helmet restricted)
rElec   .            (no cloak)
rCorr   .            (no gloves)
SInv    .            (no boots)
Will    .....        n - amulet of reflection
Stlth   x              - +6 ring of strength
HPRegen 0.30/turn    (no ring)
MPRegen 0.10/turn

%: reflection
@: lethally poisoned (-1 -> -13)
A: horns 2, retaliatory headbutt
a: no special abilities


You were on level 8 of the Dungeon.
You visited 1 branch of the dungeon, and saw 6 of its levels.

You collected 194 gold pieces.
You spent 184 gold pieces at shops.

Inventory:

Hand Weapons
 a - a +1 war axe (weapon)
Missiles
 l - 5 poisoned darts (quivered)
Armour
 b - a +0 scale mail
 c - a +0 buckler (worn)
 o - a +0 chain mail
 q - a +0 plate armour (worn)
Jewellery
 f - an amulet of guardian spirit
 n - an amulet of reflection (around neck)
 x - a +6 ring of strength (left hand)
Wands
 p - a wand of acid (8)
Scrolls
 e - 3 scrolls of fear
 i - a scroll of amnesia
Potions
 d - a potion of might
 g - a potion of haste
 h - 3 potions of attraction
 j - a potion of ambrosia
 k - 2 potions of lignification {unknown}
 m - 2 potions of berserk rage {unknown}
 r - 2 potions of heal wounds
 s - a potion of degeneration {unknown}
 t - 2 potions of flight {unknown}
 u - a potion of brilliance {unknown}
 v - a potion of curing {unknown}
 w - a potion of mutation {unknown}


   Skills:
 + Level 5.9 Fighting
 * Level 7.1 Axes
 - Level 1.0 Throwing
 + Level 6.0 Armour
 + Level 5.9 Shields


You had 6 spell levels left.
You didn't know any spells.
Your spell library contained the following spells:

 Spells                   Type           Power      Damage    Failure   Level
 Ensorcelled Hibernation  Hex/Ice        0%         N/A       100%        2
 Passwall                 Tmut/Erth      0%         N/A       100%        2
 Swiftness                Air            0%         N/A       100%        3
 Volatile Blastmotes      Fire/Tloc      0%         2d10      100%        3
 Fulminant Prism          Conj/Hex       0%         3d5       100%        4
 Iskenderun's Mystic Bla  Conj/Tloc      0%         2d3       100%        4
 Lee's Rapid Deconstruct  Erth           0%         3d4*      100%        5


Dungeon Overview and Level Annotations

Branches:
Dungeon (5/15)
 Temple: D:4-7

Altars:
Makhleb
Ru
Trog

Shops:
D:3 !*(*   D:4 *


Innate Abilities, Weirdness & Mutations

You have a pair of horns on your head.
You reflexively headbutt those who attack you in melee.


Message History

You block the killer bee's attack.
You completely miss the killer bee.
The killer bee is heavily wounded.
You slash the killer bee!
You kill the killer bee!
You completely miss the killer bee. You miss the killer bee.
You feel very sick. You block the killer bee's attack.
The killer bee stings you!
* * * LOW HITPOINT WARNING * * *
You are more poisoned.
The killer bee poisons you! The killer bee stings you.
* * * LOW HITPOINT WARNING * * *
You are more poisoned.
The killer bee poisons you! You block the killer bee's attack.
The killer bee barely misses you. You furiously retaliate!
You headbutt the killer bee! You block the killer bee's attack.
You closely miss the killer bee. Your headbutt misses the killer bee.
The killer bee is almost dead.
You hit the killer bee. x2; You hit the white imp but do no damage.
* * * LOW HITPOINT WARNING * * *
You feel very sick. You block the killer bee's attack.
The killer bee stings you but does no damage.
You block the killer bee's attack. The killer bee barely misses you.
The killer bee stings you but does no damage. x2
The white imp hits you but does no damage.
The killer bee barely misses you. You furiously retaliate!
You headbutt the killer bee. The killer bee barely misses you.
You furiously retaliate!
You headbutt the killer bee. The killer bee barely misses you.
You miss the killer bee.
The killer bee is almost dead.
You barely miss the killer bee. You hit the white imp but do no damage.
You closely miss the killer bee.
* * * LOW HITPOINT WARNING * * *
You feel very sick. The killer bee stings you.
* * * LOW HITPOINT WARNING * * *
You block the killer bee's attack. The killer bee stings you.
You die...

#####..
#.....
#...≈≈#####
#...≈##⌠#⌠##
#...≈#§≈≈≈≈#
#...≈#≈...≈##
#.5yy#§...≈⌠#
#.†@y'.._.§##
####≈#≈...≈⌠#
#§#≈.§.§##
#≈#≈≈≈≈≈#
#≈##⌠#⌠##
#≈§##### ###


You could see 3 killer bees and a white imp.

Vanquished Creatures
  Eustachio (D:4)
  A water moccasin (D:5)
  An ice beast (D:4)
  A black bear (D:4)
  An ogre (D:4)
  2 killer bees (D:8)
  A jelly (D:4)
  A hound (D:4)
  A sleepcap (D:4)
  An orc wizard (D:3)
  Natasha (thrice) (D:2)
  2 adders
  2 worms (D:2)
  5 dart slugs
  3 orcs (D:3)
  3 ball pythons
  4 endoplasms
  5 giant cockroaches
  8 goblins
  19 hobgoblins
  7 quokkas
  7 bats
  5 frilled lizards
  11 kobolds
  6 rats
101 creatures vanquished.

Notes
Turn   | Place    | Note
-------+----------+-------------------------------------------
     0 | D:1      | bmack86 the Minotaur Fighter began the quest for the Orb.
     0 | D:1      | Reached XP level 1. HP: 19/19 MP: 0/0
   195 | D:1      | Reached XP level 2. HP: 27/27 MP: 1/1
   428 | D:1      | Reached skill level 3 in Axes
   969 | D:2      | Reached XP level 3. HP: 33/33 MP: 2/2
  1023 | D:2      | Noticed Natasha
  1034 | D:2      | Killed Natasha
  1035 | D:2      | Reached XP level 4. HP: 13/40 MP: 0/3
  1048 | D:2      | Noticed Natasha
  1057 | D:2      | Killed Natasha
  1058 | D:2      | Reached skill level 4 in Axes
  1373 | D:2      | Noticed Natasha
  1381 | D:2      | Killed Natasha
  1382 | D:2      | Reached XP level 5. HP: 33/47 MP: 2/4
  1638 | D:3      | Found Ukinne's Assorted Antiques.
  1642 | D:3      | Bought a runed filigree amulet for 120 gold pieces
  1707 | D:3      | Found Jeej's Assorted Antiques.
  1846 | D:3      | Found Naraki's Weapon Boutique.
  1904 | D:3      | Found Xeteas's Distillery.
  1957 | D:3      | Found a sacrificial altar of Ru.
  2164 | D:4      | Found Afisigel's Assorted Antiques.
  2177 | D:4      | Noticed an ice beast
  2187 | D:4      | Killed an ice beast
  2188 | D:4      | Reached skill level 5 in Axes
  2188 | D:4      | Reached skill level 1 in Throwing
  2188 | D:4      | Reached XP level 6. HP: 36/55 MP: 5/5
  2285 | D:4      | Reached skill level 5 in Armour
  2292 | D:4      | Noticed Eustachio
  2308 | D:4      | Killed Eustachio
  2309 | D:4      | Reached skill level 5 in Fighting
  2309 | D:4      | Reached skill level 5 in Shields
  2314 | D:4      | Reached skill level 6 in Axes
  2314 | D:4      | Reached XP level 7. HP: 35/61 MP: 6/6
  2991 | D:4      | Found a bloodstained altar of Trog.
  3190 | D:4      | Bought a ruby potion for 22 gold pieces
  3209 | D:3      | Bought a red potion for 21 gold pieces
  3209 | D:3      | Bought a fizzy green potion for 21 gold pieces
  3224 | D:5      | Entered Level 5 of the Dungeon
  3414 | D:5      | You fall into a shaft and drop 3 floors!
  3414 | D:8      | Found a burning altar of Makhleb.
  3429 | D:8      | Reached skill level 7 in Axes
  3434 | D:8      | HP: 3/62 [killer bee (3)]
  3434 | D:8      | Slain by a killer bee

Illustrated notes

Levels and vault maps discovered:
D:1:      mrwooster_arrival_statue, layout_basic, serial_rivers,
          chequers_serial_rivers_small_b, chequers_serial_rivers_small_3,
          chequers_serial_rivers_micro_d, chequers_serial_rivers_micro_b,
          chequers_serial_rivers_large_b, minmay_pentomino_s2
D:2:      layout_basic, uniq_natasha
D:3:      layout_rooms, nicolae_ru_sacrificial_ziggurat, serial_shops,
          nicolae_shop_overgrown_old_shop, shop, shop,
          nicolae_shop_bloodbath_and_beyond
D:4:      layout_basic, trog_hazing_becter, dk_vineyard_3,
          nicolae_stop_n_shop_2, kennysheep_crisscross, uniq_eustachio
D:5:      layout_basic, chequers_serial_rivers_small_b
D:8:      layout_basic, lightli_temple_of_fire, hellmonk_lair_entry_icy,
          uniq_gastronok

Skill      XL: |  1  2  3  4  5  6  7 |
---------------+----------------------+-----
Axes           | 3 4 5 6 7 |  7.1
Armour         | 4 5 6 |  6.0
Shields        | 4 5 |  5.9
Fighting       | 4 5 |  5.9
Throwing       | 1 |  1.0

Action                     |  1- 3 |  4- 6 |  7- 9 || total
---------------------------+-------+-------+-------++-------
  Melee: War axe           |    86 |   100 |    72 ||   258
         Headbutt          |     8 |    11 |    11 ||    30
  Throw: Dart              |       |     3 |       ||     3
    Use: Scroll            |     5 |     3 |     3 ||    11
 Armour: Scale mail        |    28 |    28 |       ||    56
         Chain mail        |       |    40 |    19 ||    59
         Plate armour      |       |       |    37 ||    37
  Dodge: Dodged            |    64 |    70 |    31 ||   165
  Block: Buckler           |    31 |    67 |    54 ||   152
         Reflection        |       |     1 |     6 ||     7
